cohdb
Replays
Latest Replays
All Replays
Popular Replays
Top Player Replays
Match Explorer
How It Works
Community
CoH3 Stats
Reddit
Sign in to upload your games and track your stats! →
Sign in with Steam
Match 40241712
Unlisted
Match 40241712
Overview
Messages
Build Orders
End
Royal Engineer Section
Construct Section Command Post
Selects Canadian Shock Battlegroup
Dingo Light Scout Car
Vickers Machine Gun Team
Selects Attacking Spirit
Selects Canadian Shock Section
Canadian Shock Section
Construct Platoon Command Post
Canadian Shock Section
Selects Incendiary Munitions
ML 3-inch Mortar Team
6-pounder Anti-tank Gun Team
Selects Pyrotechnics
Construct Company Command Post
Unlock M3 Grant Medium Tanks
M3 Grant Medium Tank
Canadian Shock Section
M3 Grant Medium Tank
Maomao
Aqua
Redrenard
Acey
RamboRy
MaThEw
Agent Smith
Unsafe
0
0
Comments
sign in to comment!
No comments posted yet!